[Event "23rd ETCC Women 2021"]
[Site "Catez"]
[Date "2021.11.13"]
[Round "2.33"]
[White "Zaksaite, Salomeja"]
[Black "Sebag, Marie"]
[Result "0-1"]
[ECO "B88"]
[WhiteElo "2250"]
[BlackElo "2447"]
[Annotator "NA"]
[PlyCount "88"]
[EventDate "2021.11.08"]
[EventType "team-tourn"]
[EventCountry "SLO"]
[SourceTitle "playchess.com"]
[Source "ChessBase"]
[SourceQuality "1"]
[WhiteTeam "Lithuania"]
[BlackTeam "France"]
[WhiteTeamCountry "LTU"]
[BlackTeamCountry "FRA"]
[TimeControl "40/5400+30:1800+30"]

1. e4 c5 2. Nf3 d6 3. d4 cxd4 4. Nxd4 Nf6 5. Nc3 a6 6. Bc4 e6 7. O-O Be7 8. a4 O-O 9. Qe2 Bd7 10. Be3 Nc6 11. Rad1 Qa5 12. f4 Rac8 13. Nb3 Qc7 14. Bd3 Nb4 15. Kh1 Nxd3 16. cxd3 b5 17. axb5 axb5 18. Rc1 Qb8 19. Nb1 e5 20. fxe5 dxe5 21. Nc5 Bg4 22. Qf2 Rfd8 23. Qg3 Be2 24. Rfe1 Bxc5 25. Bxc5 Rxd3 26. Qf2 Bh5 27. b4 Bg6 28. Qh4 h6 29. Rc3 Rxc3 30. Nxc3 Qb7 31. Qh3 Rd8 32. Qe3 Qc6 33. Qe2 Rb8 34. Qd3 Kh7 35. Nd5 Nxe4 36. Rxe4 Rd8 37. Qe2 Bxe4 38. Qxe4+ Kh8 39. Nc3 Rd1+ 40. Bg1 Qxc3 41. Qa8+ Kh7 42. Qe4+ g6 43. Qb7 Rxg1+ 44. Kxg1 Qe1# 0-1

[Event "23rd ETCC Women 2021"]
[Site "Catez"]
[Date "2021.11.13"]
[Round "2.34"]
[White "Guichard, Pauline"]
[Black "Baginskaite, Kamile"]
[Result "1-0"]
[ECO "D38"]
[WhiteElo "2409"]
[BlackElo "2100"]
[Annotator "NA"]
[PlyCount "69"]
[EventDate "2021.11.08"]
[EventType "team-tourn"]
[EventCountry "SLO"]
[SourceTitle "playchess.com"]
[Source "ChessBase"]
[SourceQuality "1"]
[WhiteTeam "France"]
[BlackTeam "Lithuania"]
[WhiteTeamCountry "FRA"]
[BlackTeamCountry "LTU"]
[TimeControl "40/5400+30:1800+30"]

1. d4 Nf6 2. c4 e6 3. Nf3 d5 4. Nc3 Bb4 5. cxd5 exd5 6. Bg5 Nbd7 7. Qc2 c5 8. dxc5 Qa5 9. Bd2 Bxc5 10. e3 Qd8 11. Be2 O-O 12. O-O a6 13.
Rfd1 b5 14. Be1 Bb7 15. Nd4 Rc8 16. Qf5 Re8 17. Nb3 Ba7 18.
Bf3 Re5 19. Qh3 Nb6 20. Nc1 Qe8 21. Nd3 Re7 22. Nf4 Rd8 23.
Nce2 Nc4 24. Bc3 Ne5 25. Nd4 Bc8 26. Qh4 Bb6 27. Rac1 Rc7 28.
Nb3 Bf5 29. Qg5 Nxf3+ 30. gxf3 d4 31. Nxd4 Bg6 32. Nf5 Rxd1+ 33. Rxd1 Rc6 34. Nxg7 Kxg7 35. Nh5+ 1-0

[Event "23rd ETCC Women 2021"]
[Site "Catez"]
[Date "2021.11.13"]
[Round "2.35"]
[White "Simkunaite, Gabija"]
[Black "Benmesbah, Natacha"]
[Result "1-0"]
[ECO "B07"]
[WhiteElo "1962"]
[BlackElo "2256"]
[Annotator "NA"]
[PlyCount "89"]
[EventDate "2021.11.08"]
[EventType "team-tourn"]
[EventCountry "SLO"]
[SourceTitle "playchess.com"]
[Source "ChessBase"]
[SourceQuality "1"]
[WhiteTeam "Lithuania"]
[BlackTeam "France"]
[WhiteTeamCountry "LTU"]
[BlackTeamCountry "FRA"]
[TimeControl "40/5400+30:1800+30"]

1. e4 d6 2. d4 Nf6 3. Nc3 e5 4. a4 Be7 5. h3 O-O 6. Nf3 exd4 7. Nxd4 d5 8.
e5 Ne8 9. Be2 c5 10. Nf3 Nc7 11. O-O Nc6 12. Bf4 a6 13. Qd2 Nb4 14. Nd1 d4 15. Bd3 Nxd3 16. Qxd3 Ne6 17. Bg3 Bd7 18. b3 b5 19. Qe4 bxa4 20. bxa4 Rb8 21. c3 Qc8 22. cxd4 cxd4 23. Nh4 g6 24. Qe2 Rb3 25. Nf3 Bc6 26. Nd2 Rb4 27. Re1 Qb7 28. f3 Rd8 29. Nf2 Bxa4 30.
Nfe4 Bb5 31. Qd1 Ng7 32. Nd6 Bxd6 33. exd6 Nf5 34. Be5 Nxd6 35. Qc1 Rc8 36. Qa3 Bd7 37. Bxd6 Rb2 38. Rab1 Rcc2 39. Rxb2 Rxb2 40. Ne4 Be6 41. Nf6+ Kg7 42. Be5 g5 43. Qd3 Qc6 44. Nxh7+ Kh6 45. Nf8 1-0

[Event "23rd ETCC Women 2021"]
[Site "Catez"]
[Date "2021.11.14"]
[Round "2.36"]
[White "Navrotescu, Andreea"]
[Black "Sibajeva, Marija"]
[Result "0-1"]
[ECO "A21"]
[WhiteElo "2210"]
[BlackElo "1946"]
[Annotator "NA"]
[PlyCount "87"]
[EventDate "2021.11.08"]
[EventType "team-tourn"]
[EventCountry "SLO"]
[SourceTitle "playchess.com"]
[Source "ChessBase"]
[SourceQuality "1"]
[WhiteTeam "FRA"]
[BlackTeam "LTU"]
[WhiteTeamCountry "FRA"]
[BlackTeamCountry "LTU"]
[TimeControl "40/5400+30:1800+30"]

1. c4 e5 2. Nc3 d6 3. g3 f5 4. d4 e4 5. Bg2 Nf6 6. f3 exf3 7. Nxf3 c6 8. d5 c5 9. O-O g6 10. e4 fxe4 11. Nxe4 Nxe4 12. Re1 Be7 13. Rxe4 Bf5 14. Ng5 O-O 15. Ne6 Bxe6 16. Rxe6 Nd7 17. Bh6 Rf7 18. Bh3 Nf8 19. Qe2 Bf6 20. Re4 Bd4+ 21. Kh1 Rf2 22. Qd3 Qf6 23. Rae1 g5 24. Bxg5 Qg6 25. Bd2 Qh5 26. Rh4 Qf3+ 27. Qxf3 Rxf3 28. Rf4 Rd3 29. Bc1 Ng6 30. Rff1 Be5 31. Be6+ Kh8 32. Bf5 Rd4 33. b3 Rf8 34. Be3 Rxf5 35. Rxf5 Re4 36. Bd2 Rxe1+ 37. Bxe1 Kg7 38. h4 Bd4 39. g4 Ne5 40. Bg3 Nf7 41. Kg2 Be5 42. Rxf7+ Kxf7 43. Bxe5 dxe5 44. Kf3 0-1

[Event "23rd ETCC Women 2021"]
[Site "Catez"]
[Date "2021.11.13"]
[Round "2.37"]
[White "Injac, Teodora"]
[Black "Atalik, Ekaterina"]
[Result "1/2-1/2"]
[ECO "E12"]
[WhiteElo "2387"]
[BlackElo "2430"]
[Annotator "NA"]
[PlyCount "60"]
[EventDate "2021.11.08"]
[EventType "team-tourn"]
[EventCountry "SLO"]
[SourceTitle "playchess.com"]
[Source "ChessBase"]
[SourceQuality "1"]
[WhiteTeam "Serbia"]
[BlackTeam "Turkey"]
[WhiteTeamCountry "SRB"]
[BlackTeamCountry "TUR"]
[TimeControl "40/5400+30:1800+30"]

1. d4 Nf6 2. c4 e6 3. Nf3 b6 4. a3 Bb7 5. Nc3 d5 6. Bg5 Be7 7. e3 O-O 8. Rc1 c5 9. dxc5 bxc5 10. Be2 Nbd7 11. O-O Rc8 12. h3 Ne4 13. Bxe7 Qxe7 14. cxd5 Nxc3 15. Rxc3 exd5 16. Qa4 d4 17. exd4 Qxe2 18. Qxd7 Qxb2 19. Rxc5 Rcd8 20. Qf5 Qxa3 21. Ng5 g6 22. Qf6 Rd7 23. Nxh7 Kxh7 24. Rh5+ gxh5 25. Qf5+ Kh6 26. Qf6+ Kh7 27. Qf5+ Kh6 28. Qf6+ Kh7 29. Qf5+ Kh6 30. Qf6+ Kh7 1/2-1/2

[Event "23rd ETCC Women 2021"]
[Site "Catez"]
[Date "2021.11.13"]
[Round "2.38"]
[White "Caglar, Sila"]
[Black "Velikic, Adela"]
[Result "1/2-1/2"]
[ECO "B13"]
[WhiteElo "2250"]
[BlackElo "2287"]
[Annotator "NA"]
[PlyCount "86"]
[EventDate "2021.11.08"]
[EventType "team-tourn"]
[EventCountry "SLO"]
[SourceTitle "playchess.com"]
[Source "ChessBase"]
[SourceQuality "1"]
[WhiteTeam "Turkey"]
[BlackTeam "Serbia"]
[WhiteTeamCountry "TUR"]
[BlackTeamCountry "SRB"]
[TimeControl "40/5400+30:1800+30"]

1. e4 c6 2. d4 d5 3. exd5 cxd5 4. Nf3 Nf6 5. Ne5 Nc6 6. Bb5 Bd7 7. Nxd7 Qxd7 8. c3 a6 9. Bd3 e5 10. dxe5 Nxe5 11. O-O Bd6 12. Bg5 Ne4 13. Bxe4 dxe4 14. Re1 O-O 15. Nd2 f5 16. Qb3+ Kh8 17. Nc4 Nxc4 18. Qxc4 h6 19. Be3 Rac8 20. Qd4 Qc7 21. g3 Be5 22. Qb6 Qxb6 23. Bxb6 Rf6 24. Ba5 b6 25. Bb4 a5 26. Ba3 Bd6 27. Bxd6 Rxd6 28. Rad1 Rcd8 29. Rxd6 Rxd6 30. Re2 Kg8 31. Kg2 Rd3 32. Rc2 Kf7 33. c4 Ke6 34. c5 bxc5 35. Rxc5 Rd2 36. Rxa5 Rxb2 37. Ra6+ Ke5 38. Ra5+ Kf6 39. g4 fxg4 40. Kg3 g6 41. Ra6+ Kf5 42. Ra5+ Kf6 43. Ra6+ Kf5 1/2-1/2

[Event "23rd ETCC Women 2021"]
[Site "Catez"]
[Date "2021.11.13"]
[Round "2.39"]
[White "Eric, Jovana"]
[Black "Kocyigit, Buse Naz"]
[Result "1-0"]
[ECO "B27"]
[WhiteElo "2253"]
[BlackElo "2034"]
[Annotator "ChessBase"]
[PlyCount "141"]
[EventDate "2021.11.08"]
[EventType "team-tourn"]
[EventCountry "SLO"]
[SourceTitle "playchess.com"]
[Source "ChessBase"]
[SourceQuality "1"]
[WhiteTeam "Serbia"]
[BlackTeam "Turkey"]
[WhiteTeamCountry "SRB"]
[BlackTeamCountry "TUR"]
[TimeControl "40/5400+30:1800+30"]

1. e4 c5 2. Nf3 g6 3. d4 cxd4 4. Qxd4 Nf6 5. Nc3 Nc6 6. Qa4 d6 7. e5 dxe5 8. Nxe5 Bd7 9. Nxd7 Qxd7 10. Be3 Bg7 11. Rd1 Qc8 12. Be2 O-O 13.
O-O Qf5 14. h3 a6 15. Qb3 b5 16. a4 Na5 17. Qb4 Nc4 18. Bd3 Qc8 19. Bxc4 bxc4 20. Qxe7 Qf5 21. Bd4 Rfe8 22. Qb4 Rec8 23. Rd2 Rab8 24. Qa3 Bf8 25. Qa1 Bh6 26. Re2 Nh5 27. Ne4 Rd8 28. Bc3 Rb6 29. Ng3 Nxg3 30. fxg3 Qc5+ 31. Kh2 f5 32. Qe1 Kf7 33. Ba5 Rbb8 34. Re5 Rd5 35. Rxd5 Qxd5 36. Bc3 Re8 37. Qf2 Kg8 38. Re1 Rf8 39. Qd4 Qxd4 40. Bxd4 Bg7 41. Bxg7 Kxg7 42. Re7+ Kf6 43. Ra7 Rb8 44. Rxa6+ Ke5 45. Ra5+ Kd4 46. Rb5 Rc8 47. Rb4 Kc5 48. c3 Rd8 49. Kg1 Rd2 50. Kf1 Rc2 51. Rb5+ Kc6 52. Rb8 Rc1+ 53. Ke2 Ra1 54. Ke3 Rxa4 55. Kd4 Ra1 56. Kxc4 Rg1 57. b4 Rxg2 58. b5+ Kc7 59. Rh8 Rxg3 60. Rxh7+ Kb6 61. Rf7 Rg5 62. Rf6+ Kc7 63. Kb4 Rg3 64. c4 Rxh3 65. Rxg6 f4 66. Rf6 Rh4 67. Rf7+ Kd6 68. b6 Kc6 69. Rf6+ Kb7 70. Kb5 Rh5+ 71. c5 1-0

[Event "23rd ETCC Women 2021"]
[Site "Catez"]
[Date "2021.11.13"]
[Round "2.40"]
[White "Aydin, Gulenay"]
[Black "Gajcin, Marina"]
[Result "0-1"]
[ECO "B30"]
[WhiteElo "2114"]
[BlackElo "2198"]
[Annotator "NA"]
[PlyCount "48"]
[EventDate "2021.11.08"]
[EventType "team-tourn"]
[EventCountry "SLO"]
[SourceTitle "playchess.com"]
[Source "ChessBase"]
[SourceQuality "1"]
[WhiteTeam "Turkey"]
[BlackTeam "Serbia"]
[WhiteTeamCountry "TUR"]
[BlackTeamCountry "SRB"]
[TimeControl "40/5400+30:1800+30"]

1. e4 c5 2. Nc3 Nc6 3. Bb5 Nd4 4. Bc4 e6 5. Nge2 Ne7 6.
Nxd4 cxd4 7. Ne2 Nc6 8. O-O Be7 9. d3 O-O 10. h3 b6 11. f4 Bb7 12. g4 Na5 13. Bb3 Nxb3 14. axb3 f5 15. exf5 Qc7 16. Ng3 Qc6 17. Rf2 Bh4 18. Kh2 exf5 19. g5 h6 20. Ra4 hxg5 21. Rxd4 g4 22. hxg4 Kf7 23. Re2 Bxg3+ 24. Kxg3 Qf3+ 0-1

[Event "23rd ETCC Women 2021"]
[Site "Catez"]
[Date "2021.11.13"]
[Round "2.41"]
[White "Georgescu, Lena"]
[Black "Unuk, Laura"]
[Result "1-0"]
[ECO "C82"]
[WhiteElo "2262"]
[BlackElo "2353"]
[Annotator "NA"]
[PlyCount "85"]
[EventDate "2021.11.08"]
[EventType "team-tourn"]
[EventCountry "SLO"]
[SourceTitle "playchess.com"]
[Source "ChessBase"]
[SourceQuality "1"]
[WhiteTeam "Switzerland"]
[BlackTeam "Slovenia"]
[WhiteTeamCountry "SUI"]
[BlackTeamCountry "SLO"]
[TimeControl "40/5400+30:1800+30"]

1. e4 e5 2. Nf3 Nc6 3. Bb5 a6 4. Ba4 Nf6 5. O-O Nxe4 6. d4 b5 7. Bb3 d5 8. dxe5 Be6 9. c3 Bc5 10. Nbd2 O-O 11. Bc2 Nxf2 12. Rxf2 Bxf2+ 13. Kxf2 f6 14. Nf1 fxe5 15. Kg1 Bg4 16. Ne3 Bxf3 17. gxf3 Ne7 18. Qd3 g6 19. Ng4 Qd6 20. Bh6 Rfe8 21. Bg5 Kf7 22. f4 e4 23. Qh3 h5 24. Ne3 Qe6 25. f5 Nxf5 26. Nxd5 Kg7 27. Bb3 Qd6 28. Ne3 Qc5 29. Kh1 Rf8 30. Rd1 Rae8 31. Nxf5+ Qxf5 32. Rd7+ Kh8 33. Be3 c5 34. Qxf5 Rxf5 35. Bd5 Ree5 36. c4 bxc4 37. Bxc4 g5 38. b4 Rf3 39. Bxc5 Rxc5 40. bxc5 Rc3 41. c6 Rxc4 42. c7 e3 43. Rd8+ 1-0

[Event "23rd ETCC Women 2021"]
[Site "Catez"]
[Date "2021.11.13"]
[Round "2.42"]
[White "Urh, Zala"]
[Black "Hakimifard, Ghazal"]
[Result "0-1"]
[ECO "E15"]
[WhiteElo "2332"]
[BlackElo "2267"]
[Annotator "NA"]
[PlyCount "120"]
[EventDate "2021.11.08"]
[EventType "team-tourn"]
[EventCountry "SLO"]
[SourceTitle "playchess.com"]
[Source "ChessBase"]
[SourceQuality "1"]
[WhiteTeam "Slovenia"]
[BlackTeam "Switzerland"]
[WhiteTeamCountry "SLO"]
[BlackTeamCountry "SUI"]
[TimeControl "40/5400+30:1800+30"]

1. d4 Nf6 2. c4 e6 3. Nf3 b6 4. g3 Ba6 5. b3 Bb4+ 6. Bd2 Be7 7. Nc3 c6 8. e4 d5 9. Bd3 c5 10. exd5 exd5 11. dxc5 dxc4 12. Bxc4 Bxc4 13. bxc4 O-O 14. cxb6 axb6 15. O-O Ra3 16. Re1 Bc5 17. Qc1 Ng4 18. Re2 Qf6 19. Kg2 Nc6 20. Be1 Nce5 21. Qf4 Qxf4 22. gxf4 Nxc4 23. Rc1 Nd6 24. Nd5 Rfa8 25. h3 Nf6 26. Nxf6+ gxf6 27. Rcc2 R8a4 28. Nd2 Rxa2 29. Nb3 Rxc2 30. Rxc2 Re4 31. Bc3 Rxf4 32. Nxc5 bxc5 33. Bd2 Rc4 34. Ra2 Nf5 35. Kf3 Kg7 36. Ra7 Nd4+ 37. Ke3 Ne6 38. Kf3 f5 39. Ra8 Rc2 40. Be3 Rc3 41. Kg2 f4 42. Bd2 Rd3 43. Bc1 Rb3 44. Ra4 Rb4 45. Ra3 Kg6 46. Bd2 Rd4 47. Ba5 Kf5 48. Rc3 Ra4 49. Bb6 c4 50. f3 Ke5 51. h4 h5 52. Rc2 Kd5 53. Rd2+ Kc6 54. Bf2 Ra3 55. Be1 Rb3 56. Rc2 Kd5 57. Rd2+ Nd4 58. Ra2 Nxf3 59. Ra5+ Ke4 60. Bf2 Ne5 0-1

[Event "23rd ETCC Women 2021"]
[Site "Catez"]
[Date "2021.11.13"]
[Round "2.43"]
[White "Stoeri, Laura"]
[Black "Janzelj, Lara"]
[Result "0-1"]
[ECO "C84"]
[WhiteElo "2130"]
[BlackElo "2150"]
[Annotator "NA"]
[PlyCount "90"]
[EventDate "2021.11.08"]
[EventType "team-tourn"]
[EventCountry "SLO"]
[SourceTitle "playchess.com"]
[Source "ChessBase"]
[SourceQuality "1"]
[WhiteTeam "Switzerland"]
[BlackTeam "Slovenia"]
[WhiteTeamCountry "SUI"]
[BlackTeamCountry "SLO"]
[TimeControl "40/5400+30:1800+30"]

1. e4 e5 2. Nf3 Nc6 3. Bb5 a6 4. Ba4 Nf6 5. O-O b5 6. Bb3 Be7 7. d3 d6 8. a4 Rb8 9. h3 O-O 10. axb5 axb5 11. c3 d5 12. Nbd2 Re8 13. Re1 Bf8 14. Nf1 h6 15. Bd2 Be6 16. Ra6 Qd7 17. Ng3 Bd6 18. Nh4 Ne7 19. Qe2 Red8 20. Bc1 c5 21. Bc2 d4 22. Qf3 Nh7 23. Nh5 Ng6 24. Nf5 Bf8 25. g4 Qb7 26. Ra1 Ra8 27. Rxa8 Rxa8 28. Kh2 dxc3 29. bxc3 Ra1 30. Rg1 b4 31. cxb4 cxb4 32. Be3 Rxg1 33. Kxg1 b3 34. Bb1 Ng5 35. Qg3 Qa6 36. Kh2 Qa1 37. Bxg5 Qxb1 38. Bxh6 gxh6 39. g5 Qd1 40. Nf6+ Kh8 41. Ng4 b2 42. Nxe5 b1=Q 43. Nxg6+ fxg6 44. Qe5+ Kh7 45. Qc7+ Kg8 0-1

[Event "23rd ETCC Women 2021"]
[Site "Catez"]
[Date "2021.11.13"]
[Round "2.44"]
[White "Krivec, Jana"]
[Black "De Seroux, Camille"]
[Result "0-1"]
[ECO "B20"]
[WhiteElo "2227"]
[BlackElo "2125"]
[Annotator "NA"]
[PlyCount "66"]
[EventDate "2021.11.08"]
[EventType "team-tourn"]
[EventCountry "SLO"]
[SourceTitle "playchess.com"]
[Source "ChessBase"]
[SourceQuality "1"]
[WhiteTeam "Slovenia"]
[BlackTeam "Switzerland"]
[WhiteTeamCountry "SLO"]
[BlackTeamCountry "SUI"]
[TimeControl "40/5400+30:1800+30"]

1. e4 c5 2. d3 Nc6 3. f4 g6 4. g3 Bg7 5. Bg2 e6 6. Nf3 Nge7 7. O-O O-O 8. c3 d6 9. Be3 b6 10. Bf2 Ba6 11. Re1 Rc8 12. Na3 b5 13. Nc2 b4 14. cxb4 Rb8 15.
d4 cxd4 16. Nfxd4 Nxb4 17. Nxb4 Rxb4 18. Rb1 Qb8 19. b3 Rc8 20. Qd2 Rb7 21. Qa5 Rb6 22. Rbc1 Nc6 23. Nxc6 Rbxc6 24. Rxc6 Rxc6 25. e5 d5 26. Bf1 Bxf1 27. Rxf1 a6 28. b4 Bf8 29. Rb1 Qc8 30. a4 Rc2 31. Qb6 Ra2 32. a5 Qc4 33. Qd8 Rxf2 0-1

[Event "23rd ETCC Women 2021"]
[Site "Catez"]
[Date "2021.11.13"]
[Round "2.45"]
[White "Pilsova, Karolina"]
[Black "Cvitan, Ena"]
[Result "0-1"]
[ECO "A17"]
[WhiteElo "2281"]
[BlackElo "2234"]
[Annotator "NA"]
[PlyCount "130"]
[EventDate "2021.11.08"]
[EventType "team-tourn"]
[EventCountry "SLO"]
[SourceTitle "playchess.com"]
[Source "ChessBase"]
[SourceQuality "1"]
[WhiteTeam "Czech Republic"]
[BlackTeam "Croatia"]
[WhiteTeamCountry "CZE"]
[BlackTeamCountry "CRO"]
[TimeControl "40/5400+30:1800+30"]

1. c4 e6 2. Nf3 d5 3. e3 Nf6 4. Nc3 a6 5. b3 c5 6. cxd5 exd5 7. d4 Nc6 8.
Bb2 Bg4 9. Be2 Bxf3 10. Bxf3 cxd4 11. exd4 Bb4 12. O-O Bxc3 13. Bxc3 O-O 14. Qd3 Qd7 15. Bd2 Ne4 16. g3 Qf5 17. Bg2 Qf6 18. Be3 Nb4 19. Qe2 Nc6 20. Qd3 Nb4 21. Qe2 Nc6 22. Qb2 Rac8 23. a3 Rfe8 24. Rac1 h5 25. Rfd1 h4 26. Bf4 g5 27. Be5 Nxe5 28. Rxc8 Nf3+ 29. Bxf3 Rxc8 30. Bg2 Kg7 31. Re1 Re8 32. f3 Nd6 33. Re5 Qg6 34. Qc1 Rxe5 35. dxe5 Nf5 36. Qc5 hxg3 37. hxg3 Nxg3 38. Qd6 Ne2+ 39. Kf2 Nf4 40. Bf1 Qxd6 41. exd6 Kf6 42. a4 Ke6 43. b4 Kxd6 44. a5 d4 45. Bc4 f6 46. Ke1 Nd5 47. b5 axb5 48.
Bxb5 Nb4 49. Kd2 Kc5 50. Bf1 Nc6 51. a6 bxa6 52. Bxa6 Ne5 53. Bb7 Kc4 54. Ba6+ Kd5 55. Bb7+ Ke6 56. Bc8+ Kf7 57. Ke2 Kg6 58. Kf2 Nd3+ 59. Ke2 Nf4+ 60. Kf2 Kf7 61. Kg3 d3 62. Ba6 d2 63. Bc4+ Ke7 64. Bb3 Ne2+ 65. Kf2 Nc3 0-1

[Event "23rd ETCC Women 2021"]
[Site "Catez"]
[Date "2021.11.13"]
[Round "2.46"]
[White "Medic, Mirjana"]
[Black "Petrova, Kristyna"]
[Result "0-1"]
[ECO "B13"]
[WhiteElo "2196"]
[BlackElo "2275"]
[Annotator "NA"]
[PlyCount "92"]
[EventDate "2021.11.08"]
[EventType "team-tourn"]
[EventCountry "SLO"]
[SourceTitle "playchess.com"]
[Source "ChessBase"]
[SourceQuality "1"]
[WhiteTeam "Croatia"]
[BlackTeam "Czech Republic"]
[WhiteTeamCountry "CRO"]
[BlackTeamCountry "CZE"]
[TimeControl "40/5400+30:1800+30"]

1. d4 Nf6 2. Nf3 c5 3. e3 cxd4 4. exd4 d5 5. Bd3 Bg4 6. O-O Nc6 7. c3 e6 8. Bg5 Bd6 9. Nbd2 Qc7 10. h3 Bh5 11. Rc1 Bg6 12. Bxg6 hxg6 13. c4 Rh5 14. Bxf6 gxf6 15. cxd5 Rxd5 16. Ne4 Be7 17. Nc3 Rd7 18. Qd2 Qa5 19. Qe3 Nb4 20. a3 Nd5 21. Nxd5 Qxd5 22. Rc2 Kf8 23. Rfc1 Kg7 24. Qf4 Rad8 25. Rc4 Bd6 26. Qe3 Qf5 27. Qe2 Rh8 28. R4c3 g5 29. Nh2 Bxh2+ 30. Kxh2 Rxd4 31. Kg1 Rhd8 32. Rb3 Qf4 33. Re1 b6 34. g3 Qf5 35. g4 Qd5 36. Rb5 Qc6 37. Rb3 Rd2 38. Qe3 Qd5 39. a4 Qa5 40. Qc3 Qxa4 41. Ra3 Qf4 42. Qe3 Rd1 43. Kg2 Qc7 44. Rxd1 Rxd1 45. Qe4 Qd7 46. Rf3 Qb5 0-1

[Event "23rd ETCC Women 2021"]
[Site "Catez"]
[Date "2021.11.13"]
[Round "2.47"]
[White "Richterova, Natasa"]
[Black "Berke, Ana"]
[Result "1/2-1/2"]
[ECO "A34"]
[WhiteElo "2185"]
[BlackElo "2135"]
[Annotator "RC"]
[PlyCount "181"]
[EventDate "2021.11.08"]
[EventType "team-tourn"]
[EventCountry "SLO"]
[SourceTitle "playchess.com"]
[Source "ChessBase"]
[SourceQuality "1"]
[WhiteTeam "Czech Republic"]
[BlackTeam "Croatia"]
[WhiteTeamCountry "CZE"]
[BlackTeamCountry "CRO"]
[TimeControl "40/5400+30:1800+30"]

1. Nf3 c5 2. c4 Nc6 3. Nc3 e5 4. e3 Nf6 5. d4 cxd4 6. exd4 e4 7. Ne5 Bb4 8. Be2 Qa5 9. Nxc6 dxc6 10. O-O O-O 11. Bd2 h5 12. a3 Bxc3 13. Bxc3 Qg5 14. Qc1 Qg6 15. Qf4 Bg4 16. Rfe1 Bxe2 17. Rxe2 Rad8 18. h3 Rfe8 19. Rae1 Kh7 20. Re3 Qh6 21. Qf5+ Qg6 22. Qf4 Qh6 23. Qc7 Rd7 24. Qa5 b6 25. Qf5+ Qg6 26. Qf4 Qh6 27. Qf5+ Qg6 28. Qf4 Qh6 29. Qxh6+ Kxh6 30. f3 Rde7 31. Kf2 h4 32. d5 cxd5 33. Bxf6 gxf6 34. cxd5 f5 35. fxe4 fxe4 36. d6 Re6 37. d7 Rd8 38. Rxe4 Rf6+ 39. Kg1 Rxd7 40. Rxh4+ Kg7 41. Re2 Rd1+ 42. Kh2 Rf5 43. Rg4+ Kf6 44. Rc4 Rd6 45. Rc3 Kg6 46. Rg3+ Kf6 47. Rc2 Re6 48. Rb3 Kg6 49. Rc7 a5 50. Rb7 Rff6 51. Rg3+ Kh7 52. b3 Re5 53. a4 Re4 54. Rd7 Re5 55. Rgd3 Ree6 56. R7d5 Kg7 57. h4 Kh6 58. Kh3 Kg7 59. Rg3+ Kf8 60. Rd8+ Ke7 61. Rgd3 Rc6 62. R8d4 Rf5 63. g4 Rf1 64. g5 Kf8 65. Kg4 Kg7 66. Rd6 Rg1+ 67. Kf4 Rf1+ 68. Ke4 Re1+ 69. Kf3 Rf1+ 70. Kg2 Rcc1 71. Rxb6 Rh1 72. Kg3 Rcg1+ 73. Kf2 Rf1+ 74. Ke2 Re1+ 75. Kd2 Rd1+ 76. Kc3 Rc1+ 77. Kd2 Rcd1+ 78. Kc3 Rc1+ 79. Kd4 Rxh4+ 80. Kd5 Rg4 81. Rb5 Rxg5+ 82. Kd6 Rg6+ 83. Kd5 Rg5+ 84. Kd6 Rg6+ 85. Kd7 Ra6 86. Rg3+ Kf6 87. Rf3+ Kg6 88. Rg3+ Kf6 89. Rf3+ Kg6 90. Rd5 Ra7+ 91. Kd6 1/2-1/2

[Event "23rd ETCC Women 2021"]
[Site "Catez"]
[Date "2021.11.13"]
[Round "2.48"]
[White "Radikovic, Anamarija"]
[Black "Nemcova, Karin"]
[Result "0-1"]
[ECO "B52"]
[WhiteElo "2124"]
[BlackElo "2169"]
[Annotator "NA"]
[PlyCount "72"]
[EventDate "2021.11.08"]
[EventType "team-tourn"]
[EventCountry "SLO"]
[SourceTitle "playchess.com"]
[Source "ChessBase"]
[SourceQuality "1"]
[WhiteTeam "Croatia"]
[BlackTeam "Czech Republic"]
[WhiteTeamCountry "CRO"]
[BlackTeamCountry "CZE"]
[TimeControl "40/5400+30:1800+30"]

1. e4 c5 2. Nf3 d6 3. Bb5+ Bd7 4. a4 Nf6 5. Qe2 Nc6 6. c3 a6 7. Bc4 g6 8. h3 Qb6 9. O-O Bg7 10. Rd1 Na5 11. e5 dxe5 12. Nxe5 O-O 13. d4 cxd4 14. Rxd4 Be6 15. Na3 Rac8 16. Be3 Nxc4 17. Naxc4 Qc7 18. Bf4 Nd5 19. Bg3 Qc5 20. Nd3 Nxc3 21. bxc3 Bxc4 22. Nxc5 Bxe2 23. Re4 Rxc5 24. Rxe2 Rxc3 25. Rb1 e6 26. Rxb7 Ra3 27. Bd6 Ra1+ 28. Kh2 Rd8 29. Be7 Rc8 30. Rd2 Rxa4 31. Rdd7 Rf4 32. f3 Be5 33. g3 Rxf3 34. Bg5 Rxg3 35. Bf6 Rc2+ 36. Kh1 Rxh3+ 0-1

[Event "23rd ETCC Women 2021"]
[Site "Catez"]
[Date "2021.11.13"]
[Round "2.49"]
[White "Toma, Katarzyna"]
[Black "Hagarova, Zuzana"]
[Result "0-1"]
[ECO "B51"]
[WhiteElo "2261"]
[BlackElo "2292"]
[Annotator "NA"]
[PlyCount "88"]
[EventDate "2021.11.08"]
[EventType "team-tourn"]
[EventCountry "SLO"]
[SourceTitle "playchess.com"]
[Source "ChessBase"]
[SourceQuality "1"]
[WhiteTeam "England"]
[BlackTeam "Slovakia"]
[WhiteTeamCountry "ENG"]
[BlackTeamCountry "SVK"]
[TimeControl "40/5400+30:1800+30"]

1. e4 c5 2. Nf3 d6 3. Bb5+ Nd7 4. O-O Ngf6 5. Re1 a6 6. Bd3 e6 7. c3 b5 8. Bc2 Bb7 9. d4 Be7 10. Nbd2 cxd4 11. cxd4 Rc8 12. e5 dxe5 13. dxe5 Ng4 14. Be4 Bxe4 15. Rxe4 h5 16. h3 Nh6 17. Nb3 Nf5 18. Bd2 Nc5 19. Nxc5 Rxc5 20. Rc1 Rxc1 21. Qxc1 O-O 22. Qc2 Qd5 23. g4 hxg4 24. hxg4 Nh6 25. Kg2 f5 26. Rd4 Qc5 27. Qb3 fxg4 28. Qxe6+ Kh8 29. Bxh6 gxf3+ 30. Kh3 Qxd4 31. Qxe7 Rg8 32. Be3 Qe4 33. Kg3 Rc8 34. Qg5 Kg8 35. Bf4 Rf8 36. Qg4 Qf5 37. Qh4 Qg6+ 38. Kxf3 Qd3+ 39. Kg2 Qd5+ 40. Kh2 Qxa2 41. Qg4 Qc4 42. Kg3 a5 43. Qg5 b4 44. Be3 Qe4 0-1

[Event "23rd ETCC Women 2021"]
[Site "Catez"]
[Date "2021.11.13"]
[Round "2.50"]
[White "Sucikova, Svetlana"]
[Black "Head, Louise"]
[Result "1-0"]
[ECO "D10"]
[WhiteElo "2197"]
[BlackElo "2069"]
[Annotator "NA"]
[PlyCount "110"]
[EventDate "2021.11.08"]
[EventType "team-tourn"]
[EventCountry "SLO"]
[SourceTitle "playchess.com"]
[Source "ChessBase"]
[SourceQuality "1"]
[WhiteTeam "Slovakia"]
[BlackTeam "England"]
[WhiteTeamCountry "SVK"]
[BlackTeamCountry "ENG"]
[TimeControl "40/5400+30:1800+30"]

1. c4 c6 2. Nc3 d5 3. e3 Nf6 4. d4 a6 5. b3 Bf5 6. Bb2 e6 7. Nf3 Nbd7 8. Be2 Bd6 9. O-O O-O 10. Nh4 Be4 11. g3 h6 12. Nxe4 dxe4 13. Qc2 Re8 14. Rad1 Rc8 15. f3 exf3 16. Bxf3 Qc7 17. Qf2 Bf8 18. Bg2 e5 19. Kh1 e4 20. Bh3 Rcd8 21. Nf5 Kh7 22. Ba1 g6 23. d5 cxd5 24. cxd5 Ne5 25. d6 Qc5 26. b4 Qb6 27.
Bxe5 Rxe5 28. Nxh6 Bxh6 29. Qxf6 Rh5 30. Qxf7+ Bg7 31. Qe6 Re5 32. Qb3 Rxd6 33. Rxd6 Qxd6 34. Rd1 Qf6 35. Rf1 Qd8 36. Rf4 Rh5 37. Bg2 Qd2 38. Rf1 Qd6 39. Kg1 Rb5 40. a3 a5 41. Rf4 Rf5 42.
Bxe4 Rxf4 43. gxf4 axb4 44. axb4 b6 45. Qc2 Bf8 46. b5 Kh6 47.
Kf2 Be7 48. h3 Bh4+ 49. Kg2 Qb4 50. Kh2 Qxb5 51. Bxg6 Qd5 52. Be4 Qe6 53. Qg2 b5 54. Bc2 b4 55. Qg4 Qxg4 1-0